 Dungeon Crawl Stone Soup version 0.30-a0-900-g23479c02f2 (webtiles) character file.

Game seed: 9695797493997077217

20 Iniera the Chopper (level 2, -2/16 HPs)
             Began as a Vine Stalker Fighter on Mar 19, 2023.
             Slain by Terence
             ... wielding a +2 hand axe of distortion
              (16 damage)
             ... on level 2 of the Dungeon.
             The game lasted 00:00:34 (503 turns).

Iniera the Chopper (Vine Stalker Fighter)            Turns: 503, Time: 00:00:34

Health: -2/16      AC:  6    Str: 18    XL:     2   Next: 79%
Magic:  0/3        EV:  9    Int:  8    God:
Gold:   51         SH:  4    Dex: 13    Spells: 1/1 levels left

rFire   . . .      SeeInvis .    a - +0 war axe
rCold   . . .      Faith    .    c - +0 buckler
rNeg    . . .      Spirit   +    b - +0 scale mail
rPois   .          Reflect  .    (no helmet)
rElec   .          Rampage  .    (no cloak)
rCorr   .                        (no gloves)
Will    +....                    (no boots) Stlth
                                 (no amulet)
HPRegen 0.22/turn                h - ring of willpower
MPRegen 0.08/turn                (no ring)

@: no status effects
A: fangs 2, magic shield, antimagic bite, no potion heal 2
a: no special abilities


You were on level 2 of the Dungeon.
You visited 1 branch of the dungeon, and saw 2 of its levels.

You collected 51 gold pieces.

Inventory:

Hand Weapons
 a - a +0 war axe (weapon)
Armour
 b - a +0 scale mail (worn)
 c - a +0 buckler (worn)
Jewellery
 h - a ring of willpower (left hand)
Scrolls
 f - 2 scrolls of teleportation {unknown}
 i - a scroll of noise {unknown}
Potions
 d - a potion of might
 e - a potion of curing {unknown}
 g - a potion of lignification {unknown}


   Skills:
 - Level 2.6 Fighting
 * Level 2.7 Axes
 - Level 2.4 Armour
 - Level 2.6 Shields
 + Level 1.0 Invocations


You had one spell level left.
You didn't know any spells.
Your spell library was empty.

Dungeon Overview and Level Annotations

Branches:
Dungeon (2/15)

Altars:

Annotations:
D:2 Terence


Innate Abilities, Weirdness & Mutations

You have extremely sharp teeth.
When hurt, damage is shared between your health and your magic reserves.
Your bite disrupts and absorbs the magic of your enemies.
Potions cannot restore your health.


Message History

You hit the dart slug.
The dart slug is severely wounded.
You hit the worm. The dart slug launches a dart at you.
The slug dart misses you. The worm bites you!
Ouch! That really hurt!
You are too injured to fight recklessly!
You are too injured to fight recklessly!
You are too injured to fight recklessly!
You are too injured to fight recklessly!
You are too injured to fight recklessly!
You are too injured to fight recklessly!
You are too injured to fight recklessly!
You are too injured to fight recklessly!
You are too injured to fight recklessly!
You are too injured to fight recklessly!
There are monsters nearby!
You hit the worm. Your bite misses the worm.
The worm is heavily wounded.
You slash the dart slug!
You kill the dart slug!
The worm bites you.
* * * LOW HITPOINT WARNING * * *
You hit the worm. You bite the worm.
You kill the worm!
Your Invocations skill increases to level 1!
Magic restored.
You open the door.
Found a faded altar of an unknown god.
i - a scroll labelled VAQOAFIORE Terence the Incautious comes into view.
He is wielding a +2 hand axe of distortion.
Found a scroll labelled DIURIO UZACHAH.
Terence shouts!
You hear an angry hiss.
An adder comes into view.
A ball python comes into view.
The adder moves out of view.
The ball python hisses angrily.
Terence hits you with a +2 hand axe of distortion.
Space warps horribly around you!!
Ouch! That really hurt!
You die...

##.....#.....##
###########.#
######.#####
##..........##
##.....†......##
#............(.#
#......8.8.....#
#..#####......#+#.....#
#..S@@.......# #.....#
........#....###.###...#
####..?S##...# ...8#..##
#....###..# ._. #.##
#....# #..# ... #.#
#....# #..###.###.#
###### #....#.#...#
####.#'#.### #.8.8.#


You could see Terence, an adder and a ball python.

Vanquished Creatures
  A worm (D:2)
  A dart slug (D:2)
  A ball python (D:1)
  An endoplasm (D:1)
  A giant cockroach (D:1)
  2 hobgoblins
  A kobold (D:1)
  2 quokkas
  3 frilled lizards
  A rat (D:1)
14 creatures vanquished.

Notes
Turn   | Place    | Note
-------+----------+-------------------------------------------
     0 | D:1      | Iniera the Vine Stalker Fighter began the quest for the
                  | Orb.
     0 | D:1      | Reached XP level 1. HP: 11/11 MP: 2/2
   190 | D:1      | Reached XP level 2. HP: 16/16 MP: 3/3
   419 | D:2      | Reached skill level 1 in Invocations
   488 | D:2      | Found a faded altar of an unknown god.
   501 | D:2      | Noticed Terence
   503 | D:2      | Slain by Terence

Illustrated notes

Levels and vault maps discovered:
D:1:      evilmike_arrival_plus, layout_basic
D:2:      layout_rooms, dreamdust_ecumenical_altar_angels_and_demons,
          uniq_natasha, uniq_jessica, uniq_robin, uniq_terence,
          uniq_crazy_yiuf_cottage

Skill      XL: |  1  2 |
---------------+-------+-----
Axes           | 2 |  2.7
Invocations    | 1 |  1.0
Fighting       | |  2.6
Armour         | |  2.4
Shields        | |  2.6

Action                     || total
---------------------------++-------
  Melee: War axe           ||    24
         Bite              ||     3
 Armour: Scale mail        ||     4
  Dodge: Dodged            ||    11
  Block: Buckler           ||     2

Table legend: (Time is in decaauts)
 A = Elapsed time spent in this place.
 B = Non-inter-level travel time spent in this place.
 C = Inter-level travel time spent in this place.
 D = Time resting spent in this place.
 E = Time spent auto-exploring this place.
 F = Levels seen in this place.
 G = Mean time per level.
                   A        B        C        D        E       F      G
               +--------+--------+--------+--------+--------+-----+--------+
         Total |    512 |    508 |      4 |      0 |    423 |   2 |  256.0 |
       Dungeon |    512 |    508 |      4 |      0 |    423 |   2 |  256.0 |
               +--------+--------+--------+--------+--------+-----+--------+

Top non-repeatable levels by time:
     D:1: 375 daAuts
     D:2: 136 daAuts
